Map: Turbo Cruise '84 LE

Players

TSGSolar (Solar)

  • Race: Zerg Zerg
  • League: Diamond
  • Spawn Location: 3:00

soO - Winner!

  • Race: Zerg Zerg
  • Spawn Location: 7:00

Event: HomeStory Cup XIX

VOD

Have the link to the VOD?

Description

Time

  • Played on: June 29, 2019, 1:58 p.m.
  • Length: 6:41

All games in this series

Show
View Real Time Build Order
Export as new Build Order

TSGSolar Zerg 

Build Orders: Hatch First, Zergling Baneling 

Get SALT Encoding   

  12  0:01  Drone  
  13  0:13  Overlord  
  13  0:18  Drone  
  14  0:31  Drone  
  14  0:32  Drone  
  16  0:49  Hatchery  
  15  0:52  Drone  
  15  0:56  Drone  
  17  0:59  Drone  
  18  1:11  Extractor  
  18  1:14  Spawning Pool  
  18  1:18  Drone  
  17  1:20  Drone  
  18  1:28  Drone  
  19  1:40  Drone  
  20  1:50  Overlord  
  20  2:01  Queen x2  
  20  2:02  Drone x2  
  26  2:11  Metabolic Boost  
  26  2:13  Drone x2  
  28  2:26  Drone x2  
  30  2:36  Hatchery  
  29  2:41  Zergling x2  
  29  2:42  Drone  
  31  2:52  Drone, Baneling Nest  
  31  2:53  Overlord  
  31  2:56  Drone  
  31  2:57  Drone  
  33  3:06  Drone, Evolution Chamber  
  33  3:07  Drone  
  33  3:12  Zergling x4  
  36  3:13  Zergling x2  
  36  3:16  Drone  
  38  3:21  Zergling x4  
  40  3:30  Overlord  
  40  3:31  Zerg Melee Weapons Level 1  
  40  3:33  Drone  
  41  3:37  Zergling x4  
  42  3:50  Zergling x14  
  49  3:56  Baneling x2  
  49  3:57  Zergling x2  
  49  3:58  Zergling x2  
  49  4:02  Overlord  
  51  4:04  Zergling x2  
  51  4:09  Zergling x2  
  52  4:15  Zergling x2  
  50  4:17  Zergling x2  
  50  4:18  Zergling x4  
  50  4:20  Zergling x2  
  50  4:21  Baneling x2  
  50  4:22  Zergling x4  
  53  4:26  Baneling, Zergling x4  
  53  4:28  Zergling x2  
  53  4:29  Zergling x2  
  56  4:31  Zergling x2  
  56  4:32  Zergling x2  
  53  4:39  Zergling x2  
  53  4:44  Zergling x4  
  53  4:46  Baneling x2  
  53  4:47  Baneling  
  53  4:49  Baneling, Zergling x2  
  54  4:53  Zergling x2  
  54  4:54  Zergling x12  
  54  4:56  Zergling x2  
  56  5:03  Baneling  
  56  5:04  Zergling x2  
  56  5:05  Zergling x2  
  56  5:06  Zergling x2  
  56  5:12  Zergling x2  
  54  5:14  Zergling x2  
  54  5:16  Zergling x2  
  51  5:22  Queen  
  51  5:24  Zergling x2  
  51  5:25  Zergling x2  
  51  5:26  Baneling x3  
  53  5:28  Zergling x2  
  53  5:34  Zergling x2  
  54  5:35  Zergling x2  
  54  5:36  Zergling x2  
  53  5:45  Zergling x2  
  53  5:46  Zergling x2  
  53  5:48  Zergling x2  
  51  5:53  Zergling x12  
  53  5:57  Zergling x4  
  53  6:00  Baneling x3  
  53  6:01  Overlord  
  55  6:08  Baneling  
  55  6:09  Zergling x4  
  55  6:10  Zergling x2  
  58  6:13  Baneling  
  58  6:19  Overlord x2  
  58  6:22  Zergling x8  
Show
View Real Time Build Order
Export as new Build Order

soO Zerg - Winner!

Build Orders: Hatch First, Zergling Baneling 

Get SALT Encoding   

  12  0:00  Drone  
  13  0:12  Overlord  
  13  0:17  Drone  
  14  0:30  Drone x2  
  16  0:49  Hatchery  
  15  0:51  Drone  
  15  0:55  Drone  
  17  0:59  Drone  
  18  1:09  Extractor  
  17  1:14  Spawning Pool  
  17  1:17  Drone  
  17  1:21  Drone  
  18  1:28  Drone  
  19  1:50  Overlord  
  19  2:00  Drone x2, Queen  
  19  2:01  Drone  
  24  2:02  Queen  
  26  2:09  Metabolic Boost  
  26  2:14  Drone x2  
  28  2:21  Drone  
  29  2:24  Drone  
  30  2:37  Hatchery  
  30  2:41  Drone  
  30  2:43  Drone  
  31  2:47  Zergling x2  
  31  2:51  Drone, Baneling Nest  
  32  2:55  Drone  
  32  2:57  Overlord  
  33  3:04  Drone  
  33  3:05  Drone  
  35  3:09  Drone  
  36  3:15  Queen  
  36  3:18  Zergling x4  
  40  3:20  Overlord  
  40  3:23  Drone  
  40  3:24  Drone  
  42  3:33  Drone x2  
  44  3:38  Evolution Chamber  
  44  3:40  Drone x2  
  45  3:45  Drone  
  45  3:46  Zergling x4  
  45  3:47  Baneling x2, Zergling x6  
  50  3:56  Zergling x4  
  52  4:03  Drone  
  52  4:08  Roach Warren  
  52  4:09  Drone  
  51  4:10  Zergling x4  
  51  4:11  Baneling x2  
  51  4:12  Zergling x2  
  53  4:20  Drone  
  53  4:21  Drone x2  
  53  4:23  Queen  
  55  4:24  Extractor  
  55  4:26  Baneling x2, Extractor  
  55  4:28  Zergling x2  
  55  4:29  Zergling x2  
  55  4:31  Zergling x2  
  55  4:32  Queen  
  55  4:34  Baneling  
  56  4:44  Drone x2  
  57  4:50  Baneling x2  
  57  4:51  Zergling x2  
  57  4:52  Overlord  
  58  4:54  Overlord  
  58  4:57  Overlord  
  56  5:03  Zergling x4, Overlord  
  56  5:11  Roach x5  
  64  5:15  Roach  
  64  5:21  Roach x2  
  67  5:27  Roach  
  67  5:28  Roach  
  69  5:34  Roach x2  
  71  5:39  Queen  
  71  5:41  Queen  
  71  5:48  Ravager  
  74  5:50  Roach  
  74  5:52  Ravager x2  
  74  5:53  Zergling x4, Roach x2  
  74  5:54  Zergling x2  
  74  5:55  Roach  
  79  5:58  Roach  
  79  6:02  Overlord  
  81  6:05  Roach x2  
  81  6:08  Zergling x2  
  81  6:09  Zergling x2  
  81  6:11  Ravager  
  88  6:16  Baneling x2  
  88  6:17  Drone  
  89  6:24  Baneling x2  
Tags
 
Add a new tag
Caveats
  • Supply blocks, unpowered buildings, or Contaminate may cause inaccurate times.
  • Supply counts are checked every 10 seconds.